Map: Pillars of Gold LE

Players

Impulseonpc

  • Race: Zerg Zerg
  • Spawn Location: 1:00

DLCFocesTTV - Winner!

  • Race: Protoss Protoss
  • League: Platinum
  • Spawn Location: 7:00

VOD

Have the link to the VOD?

Description

Time

  • Played on: Aug. 25, 2020, 9:21 a.m.
  • Length: 7:28
Show
View Real Time Build Order
Export as new Build Order

Impulseonpc Zerg 

Build Orders: Pool First 

Get SALT Encoding   

  12  0:04  Extractor  
  11  0:07  Extractor  
  10  0:24  Drone x3  
  13  0:37  Drone  
  14  0:59  Overlord x2  
  14  1:08  Evolution Chamber  
  13  1:40  Spawning Pool  
  13  1:42  Drone  
  13  2:00  Zerg Missile Weapons Level 1  
  13  2:07  Drone  
  14  2:15  Drone  
  15  2:23  Drone  
  15  2:29  Drone  
  17  2:36  Drone  
  18  2:42  Drone  
  19  2:51  Drone  
  20  3:14  Roach Warren  
  20  3:16  Drone  
  20  3:29  Lair  
  20  3:54  Zerg Ground Armor Level 1  
  20  4:20  Drone  
  21  4:24  Drone  
  21  4:27  Hatchery  
  21  4:40  Hatchery, Hydralisk Den  
  19  4:55  Spire  
  19  4:57  Drone  
  19  5:03  Drone  
  20  5:12  Hydralisk  
  22  5:23  Hydralisk  
  24  5:34  Hydralisk  
  26  5:39  Hydralisk  
  28  5:49  Grooved Spines  
  26  6:25  Hydralisk x2  
  26  6:26  Hydralisk  
  27  6:53  Hydralisk  
  27  6:58  Hydralisk  
Show
View Real Time Build Order
Export as new Build Order

DLCFocesTTV Protoss - Winner!

Build Orders:  

Get SALT Encoding   

  12  0:01  Probe  
  13  0:19  Pylon  
  13  0:22  Probe (Chrono Boost)  
  14  0:33  Probe (Chrono Boost)  
  15  0:40  Gateway  
  15  0:46  Assimilator  
  15  0:47  Probe  
  16  0:59  Probe  
  17  1:12  Probe (Chrono Boost)  
  18  1:20  Pylon  
  18  1:22  Probe (Chrono Boost)  
  19  1:26  Probe (Chrono Boost)  
  19  1:28  Cybernetics Core  
  20  1:40  Zealot  
  20  1:43  Probe  
  23  1:48  Assimilator  
  23  1:55  Probe  
  24  2:07  Probe  
  25  2:08  Shield Battery  
  25  2:14  Warp Gate (Chrono Boost)  
  25  2:31  Zealot  
  27  2:40  Shield Battery  
  27  2:48  Gateway  
  27  2:58  Zealot  
  29  3:01  Pylon  
  29  3:20  Forge  
  29  3:25  Zealot  
  31  3:27  Stargate  
  31  3:51  Pylon  
  31  3:55  Sentry  
  33  4:07  Nexus  
  33  4:11  Protoss Shields Level 1  
  33  4:15  Sentry  
  35  4:22  Zealot  
  37  4:34  Pylon  
  37  4:35  Oracle  
  40  4:45  Sentry x2  
  44  5:01  Probe (Chrono Boost)  
  45  5:08  Pylon  
  45  5:09  Shield Battery  
  45  5:11  Shield Battery, Probe (Chrono Boost)  
  46  5:16  Probe (Chrono Boost)  
  47  5:26  Sentry  
  47  5:27  Sentry, Probe  
  52  5:32  Pylon  
  52  5:39  Pylon, Probe  
  53  5:44  Gateway  
  53  5:54  Sentry x2  
  57  6:42  Sentry  
  57  6:43  Sentry x2  
Tags
 
Add a new tag
Caveats
  • Supply blocks, unpowered buildings, or Contaminate may cause inaccurate times.
  • Supply counts are checked every 10 seconds.